 Dungeon Crawl Stone Soup version 0.17-b1-15-g0f5fb43 (webtiles) character file.

217 Eucla the Magician (level 5, -2/28 HPs)
             Began as a Deep Elf Wizard on Nov 7, 2015.
             Was an Initiate of Sif Muna.
             Slain by an ogre
             ... wielding a +0 giant spiked club
              (16 damage)
             ... on level 3 of the Dungeon.
             The game lasted 00:08:23 (2963 turns).

Eucla the Magician (Deep Elf Wizard)                Turns: 2963, Time: 00:08:23

Health: -2/28      AC:  8    Str:  4    XL:     5   Next: 61%
Magic:  4/16       EV: 12    Int: 24    God:    Sif Muna [......]
Gold:   68         SH:  0    Dex: 13    Spells: 5 memorised, 6 levels left

rFire  . . .     SeeInvis .     y - +0 blowgun
rCold  . . .     Clarity  .     a - +0 robe
rNeg   + . .     SustAt   .     (no shield)
rPois  .         Gourm    .     b - +0 hat
rElec  .         Spirit   .     (no cloak)
rCorr  .         Warding  +     (no gloves)
rMut   .         Stasis   .     o - +0 pair of boots
MR     .....                    l - amulet of warding
Stlth  ++........               (no ring)
                                h - +5 ring of protection

@: repel missiles, not resistant to hostile enchantments, unstealthy
A: no striking features
a: Renounce Religion


You were on level 3 of the Dungeon.
You worshipped Sif Muna.
Sif Muna was noncommittal.
You were very hungry.

You visited 1 branch of the dungeon, and saw 4 of its levels.

You collected 68 gold pieces.

Inventory:

Hand Weapons
 k - a +0 short sword
 x - a +0 dagger of speed
 y - a +0 blowgun (weapon)
Missiles
 j - 25 poisoned needles (quivered)
Armour
 a - a +0 robe (worn)
 b - a +0 hat (worn)
 o - a +0 pair of boots (worn)
Jewellery
 h - a +5 ring of protection (left hand)
 l - an amulet of warding (around neck)
Scrolls
 e - 4 scrolls of identify {unknown}
 f - 3 scrolls of fog {unknown}
 m - a scroll of recharging {unknown}
 v - a scroll of teleportation {unknown}
Potions
 g - 3 potions of curing {unknown}
 n - a potion of haste {unknown}
 p - a potion of experience {unknown}
 q - a potion of beneficial mutation {unknown}
 s - a potion of brilliance {unknown}
 t - a potion of poison {unknown}
 u - a potion of flight {unknown}
 w - a potion of ambrosia {unknown}
Books
 c - a book of Minor Magic

   Spells                             Type                      Level
   a - Magic Dart                     Conjuration                  1
   b - Blink                          Translocation                2
   c - Call Imp                       Summoning                    2
   d - Repel Missiles                 Charms/Air                   2
   e - Slow                           Hexes                        2
   f - Conjure Flame                  Conjuration/Fire             3
   g - Mephitic Cloud                 Conjuration/Poison/Air       3
Comestibles
 d - 4 bread rations
 i - 2 meat rations
 r - a beef jerky


   Skills:
 - Level 2.4 Dodging
 - Level 2.4 Stealth
 + Level 6.9 Spellcasting
 + Level 4.3 Conjurations
   Level 1.1 Summonings
 - Level 1.1 Translocations


You had 6 spell levels left.
You knew the following spells:

 Your Spells              Type           Power        Failure   Level  Hunger
a - Magic Dart            Conj           ####         1%          1    None
b - Conjure Flame         Conj/Fire      ###.....     12%         3    None
c - Mephitic Cloud        Conj/Pois/Air  ###.....     14%         3    None
d - Blink                 Tloc           N/A          10%         2    None
e - Repel Missiles        Chrm/Air       #.....       12%         2    None


Dungeon Overview and Level Annotations

Branches:
Dungeon (4/15)
 Temple: D:4-7

Altars:
Sif Muna


Message History

Confirm with . or Enter, or press ? or * to list all spells.
Aiming: Magic Dart
Press: ? - help, Shift-Dir - straight line, f/p - ogre
Aim: an ogre, wielding a giant spiked club (severely wounded)
The magic dart hits the ogre.
The ogre is almost dead.
The ogre hits you with a giant spiked club!
Ouch! That really hurt!
There is a stone staircase leading down here.
You see here a club.
Wield which item (- for none, * to show all)? (? for menu, Esc to quit)
y - a +0 blowgun (weapon)
Firing (i - inventory):
j - 26 poisoned needles (quivered)
Press: ? - help, Shift-Dir - straight line, f/p - ogre
Aim: an ogre, wielding a giant spiked club (severely wounded)
You shoot a poisoned needle.
The poisoned needle barely misses the ogre.
The ogre hits you with a giant spiked club!
Ouch! That really hurt!
You die...

##.#.....#..'.......'.######
########.[[.....##...⌠...##### #
##.##>......#.####.......#...####
#.#.#)#####.#.####.......#......#
...#..#####.#....####'######.##.#
#...#.(......(.##.##..###.##.##.#
##.....###÷###..................#
#####..# #.# #.O#.#######.##.#...
#..###'###..@.# ###.##.#..#
#..###_'....### #..........
#..###'###..# #.#.####... ##.#
#.# #..# #)#.####..# #.###.###..#
#)#........ #....[....##
###.#######.# #####.##.## #.....#
#.# #....# #)....# #.# ####.#
#.....# #..


You could see an ogre.

Vanquished Creatures
  An orc priest (D:3)
  A centaur zombie (D:3)
  4 gnolls
  2 adders
  5 orcs (D:3)
  10 bats
  3 giant cockroaches
  8 goblins
  13 hobgoblins
  6 jackals
  2 quokkas
  A ball python (D:1)
  3 giant geckos
  2 giant newts
  11 kobolds
  10 rats
82 creatures vanquished.

Notes
Turn   | Place    | Note
--------------------------------------------------------------
     0 | D:1      | Eucla the Deep Elf Wizard began the quest for the Orb.
     0 | D:1      | Reached XP level 1. HP: 10/10 MP: 7/7
   308 | D:1      | Reached XP level 2. HP: 15/15 MP: 3/9
   395 | D:1      | Reached skill level 5 in Spellcasting
   772 | D:1      | Reached XP level 3. HP: 6/19 MP: 6/12
  1317 | D:1      | Learned a level 3 spell: Conjure Flame
  1321 | D:1      | Learned a level 3 spell: Mephitic Cloud
  1324 | D:1      | Learned a level 2 spell: Blink
  1327 | D:1      | Learned a level 2 spell: Repel Missiles
  1660 | D:2      | Reached XP level 4. HP: 24/24 MP: 5/13
  1943 | D:3      | Reached skill level 6 in Spellcasting
  2195 | D:3      | Reached XP level 5. HP: 28/28 MP: 10/15
  2252 | D:3      | Found a deep blue altar of Sif Muna.
  2270 | D:3      | Became a worshipper of Sif Muna the Loreminder
  2853 | D:4      | Noticed an ogre
  2963 | D:3      | Slain by an ogre

Action                   |  1- 3 |  4- 6 || total
-------------------------+-------+-------++-------
Melee: Unarmed           |    37 |       ||    37
       Short sword       |     5 |     1 ||     6
 Fire: Blowgun           |       |     1 ||     1
 Cast: Magic Dart        |    98 |    90 ||   188
       Repel Missiles    |     1 |       ||     1
       Blink             |       |     5 ||     5
       Conjure Flame     |       |     2 ||     2
       Mephitic Cloud    |       |     1 ||     1
  Eat: Chunk             |     2 |     3 ||     5
